 Dungeon Crawl Stone Soup version 0.15-a0-1950-gbc841a2 (webtiles) character file.

71946 PolkaDot the Maledictor (level 14, -5/85 HPs)
             Began as a Vampire Enchanter on July 9, 2014.
             Was the Champion of Ashenzari.
             Slain by an orc warrior
             ... wielding a +0 short sword
              (21 damage)
             ... on Level 14 of the Dungeon.
             The game lasted 02:22:35 (26267 turns).

PolkaDot the Maledictor (Vampire Enchanter)        Turns: 26267, Time: 02:22:38

HP  -5/85        AC 13     Str  9      XL: 14   Next: 99%
MP  12/23        EV 19     Int 22      God: Ashenzari [******]
Gold 2790        SH  6     Dex 14      Spells:  8 memorised,  1 level left

rFire  + . .     SeeInvis +     e - +7 dagger (vamp) (curse)
rCold  + + .     Clarity  +     b - +2 robe (curse)
rNeg   + + +     rCorr    +     k - +0 buckler (curse)
rPois  +         rRot     +     (no helmet)
rElec  .         Spirit   .     h - +2 cloak (curse)
SustAb .         Warding  .     o - +2 pair of gloves (curse)
rMut   .         Stasis   .     N - +2 pair of boots "Juigryafua" {rN+}
Gourm  .                        L - cursed amulet of Zin's Pride {rCorr Str+2 Int+1}
MR     +....                    K - cursed ring of protection from fire
                                I - cursed +5 ring of evasion

@: regenerating slowly, somewhat resistant to hostile enchantments, incredibly
stealthy
A: bottle blood, fangs 3, see invisible, unbreathing
a: Bat Form, Bottle Blood, Scrying, Transfer Knowledge, Renounce Religion


You were on level 14 of the Dungeon.
You worshipped Ashenzari.
Ashenzari was exalted by your worship.
You were near bloodless.

You visited 3 branches of the dungeon, and saw 23 of its levels.
You also visited: Sewer and Ice Cave.

You collected 2790 gold pieces.

Inventory:

Hand weapons
 e - a cursed +7 vampiric dagger (weapon)
Missiles
 r - 4 throwing nets (quivered)
Armour
 b - a cursed +2 robe (worn)
 h - a cursed +2 cloak (worn)
 k - a cursed +0 buckler (worn)
 o - a cursed +2 pair of gloves (worn)
 N - the cursed +2 pair of boots "Juigryafua" (worn) {rN+}
   (You acquired it on level 10 of the Dungeon)

   It protects you from negative energy.
   It has a curse placed upon it.
Magical devices
 d - a wand of fireball (0)
 p - a wand of paralysis (13)
 t - a wand of digging (11)
 B - a wand of disintegration (9)
Scrolls
 i - 5 scrolls of blinking
 j - a scroll of fear
 l - 6 scrolls of teleportation
 m - 3 scrolls of recharging
 q - a scroll of summoning
 s - 3 scrolls of curse armour
 u - 2 scrolls of curse jewellery
 v - 3 scrolls of identify
 x - 6 scrolls of curse weapon
 y - 3 scrolls of magic mapping
 A - 4 scrolls of remove curse
 C - 3 scrolls of fog
 D - a scroll of vulnerability
 J - 3 scrolls of immolation
Jewellery
 I - a cursed +5 ring of evasion (left hand)
 K - a cursed ring of protection from fire (right hand)
 L - the cursed amulet of Zin's Pride (around neck) {rCorr Str+2 Int+1}
   (You found it in an ice cave)

   [amulet of resist corrosion]

   It protects you from acid and corrosion.
   It affects your strength (+2).
   It affects your intelligence (+1).
   It has a curse placed upon it.
Potions
 a - 3 potions of might
 c - a potion of brilliance
 f - 5 potions of haste
 g - a potion of agility
 n - 2 potions of magic
 z - 3 potions of curing
 F - 2 potions of restore abilities
 G - a potion of cancellation
 H - a potion of cure mutation {!q}
 O - a potion of flight
Books
 w - a book of Spatial Translocations

   Spells                             Type                      Level
   *Apportation                       Translocation                1
   Blink                              Translocation                2
   Shroud of Golubria                 Charms/Translocation         2
   Portal Projectile                  Translocation                3
   Teleport Other                     Translocation                3
   Passage of Golubria                Translocation                4
 E - a book of Fire

   Spells                             Type                      Level
   Ignite Poison                      Fire/Transmutation           5
   Fireball                           Conjuration/Fire             5
   Bolt of Fire                       Conjuration/Fire             6
   Delayed Fireball                   Conjuration/Fire             7
   Ring of Flames                     Charms/Fire                  7
 M - a book of the Sky

   Spells                             Type                      Level
   Flight                             Charms/Air                   3
   Airstrike                          Air                          4
   Silence                            Hexes/Air                    5
   Deflect Missiles                   Charms/Air                   6
   Conjure Ball Lightning             Conjuration/Air              6
   Tornado                            Air                          9


   Skills:
 - Level 13.4(17.5) Short Blades
 - Level 2.1(4.4) Dodging
 + Level 19.5(21.7) Stealth
 - Level 5.0(8.0) Shields
 * Level 3.6 Spellcasting
 + Level 23.4(26.7) Hexes
 - Level 1.0(3.5) Ice Magic


You had one spell level left.
You knew the following spells:

 Your Spells              Type           Power        Failure   Level  Hunger
a - Corona                Hex            #######      0%          1    None
b - Sure Blade            Hex/Chrm       ######....   1%          2    #......
c - Confuse               Hex            #######.     0%          3    ###....
d - Ensorcelled Hibernat  Hex/Ice        ######       1%          2    #......
e - Enslavement           Hex            #######.     0%          4    ####...
p - Passwall              Trmt/Erth      #.........   28%         3    ###....
s - Dazzling Spray        Conj/Hex       ######..     1%          3    ###....
A - Apportation           Tloc           #.........   10%         1    None


Dungeon Overview and Level Annotations

Branches:
Dungeon (14/15)            Temple (1/1) D:4             Orc (0/4) D:12
   Lair (8/8) D:8          Shoals (0/5) Lair:6        Snake (0/5) Lair:4
  Slime (0/6) Lair:7
 Vaults: D:13-14

Altars:
Ashenzari
Cheibriados
Dithmenos
Elyvilon
Fedhas
Gozag
Kikubaaqudgha
Makhleb
Nemelex Xobeh
Okawaru
Qazlal
Sif Muna
Trog
Vehumet
Xom
Yredelemnul
Zin
The Shining One
Jiyva

Shops:
D:6 %   D:11 =


Innate Abilities, Weirdness & Mutations

You heal slowly.
You can bottle blood from corpses.
You have razor-sharp teeth.*
You have supernaturally acute eyesight.
You can survive without breathing.*


Message History

Casting: Ensorcelled Hibernation
Confirm with . or Enter, or press ? or * to list all spells.
Aiming: Ensorcelled Hibernation
Press: ? - help, Shift-Dir - straight line, f/p - orc priest
Aim: an orc priest, wielding a flail and wearing a ring mail The orc priest struggles to resist.
You block the orc priest's attack.
The orc warrior hits you with a short sword.
Casting: Ensorcelled Hibernation
Confirm with . or Enter, or press ? or * to list all spells.
Aiming: Ensorcelled Hibernation
Press: ? - help, Shift-Dir - straight line, f/p - orc priest
Aim: an orc priest, wielding a flail and wearing a ring mail The orc priest struggles to resist.
The orc priest invokes the aid of Beogh against you.
Something smites you!
* * * LOW HITPOINT WARNING * * *
You block the orc's attack.
The orc priest hits you but does no damage.
The orc warrior hits you with a short sword!!
You die...

, ,,, ,, + , * *
** , * * , * ,*
, , .. ,, ,* **,
,,,*#.##########
, , ,, ,
..>.......# *
**, #.#......#
**, ***,*
,#...oo..##### ,
, ,
#...@o......# *
, *
#.#<.o#.###.# *
#.........# *,
** * ,
*###....####* ,*
* * ,∆....... ,
, ,,,, , ,
......### ,*
**** , ,
"...#### , * , ,
P..* ,, *,* **,
,, ,.. * ,


You could see an orc warrior, 2 orc priests and an orc.

Vanquished Creatures
  Rupert (Lair:6)
  Maud (Lair:3)
  2 ice dragons (IceCv)
  2 fire dragons (Lair:8)
  Fannar (D:11)
  8 hydras
  3 centaur warriors
  A fire crab (Lair:4)
  Nergalle (D:13)
  An unseen horror (D:12)
  A lindwurm (Lair:8)
  Joseph (D:7)
  3 hill giants
  2 wolf spiders (Lair:8)
  5 griffons
  2 red wasps (Lair:8)
  A cyclops (D:13)
  4 elephants (Lair:8)
  9 black mambas
  2 manticores
  A guardian serpent (Lair:8)
  Maurice (D:8)
  A torpor snail (Lair:6)
  13 spiny frogs
  A gargoyle (D:11)
  9 fire drakes (Lair:8)
  A feature mimic (D:13)
  16 komodo dragons
  A two-headed ogre (D:11)
  5 trolls
  A merfolk (D:9)
  4 polar bears
  Prince Ribbit (D:5)
  A hydra skeleton (D:11)
  3 giant leeches (Lair:8)
  2 blink frogs (Lair:8)
  6 basilisks
  9 wyverns
  A deep elf mage (D:12)
  A trapdoor spider (D:13)
  A wraith (D:11)
  24 yaks
  A hill giant zombie (D:12)
  Eustachio (D:8)
  21 hippogriffs
  3 hungry ghosts
  A deep elf fighter (D:8)
  A steam dragon (D:10)
  A naga (Lair:4)
  18 wolves
  23 water moccasins
  2 soldier ants
  A mottled dragon (D:12)
  6 orc warriors
  6 spiders (Lair:8)
  4 sky beasts
  54 ice beasts
  13 porcupines
  2 black bears (D:6)
  A hell hound (Lair:8)
  5 yellow wasps
  5 phantoms
  16 centaurs
  8 ogres
  A boring beetle (Lair:8)
  A necrophage (D:10)
  Duvessa (D:8)
  5 big kobolds
  The ghost of notcluie the Sneak, an average TeAs (D:3)
  5 brain worms
  13 crocodiles
  13 giant frogs
  2 hill giant simulacra (D:13)
  A cyclops zombie (D:14)
  An ogre simulacrum (D:13)
  3 scorpions
  6 killer bees
  2 centaur zombies (D:5)
  An electric eel (D:13)
  Dowan (D:8)
  9 hounds
  2 crimson imps
  A black bear zombie (D:7)
  A giant frog zombie (D:11)
  2 gnoll shamans (D:5)
  A quasit (D:5)
  4 goliath beetles
  9 iguanas
  4 jellies
  8 orc priests
  An elf skeleton (D:7)
  6 orc wizards
  12 worker ants
  4 orange rats (Lair:8)
  19 sheep
  A big kobold skeleton (D:10)
  3 mummies
  15 gnolls
  32 green rats
  A mottled dragon simulacrum (D:13)
  2 giant mites
  26 adders
  2 shadow imps (D:13)
  An inept feature mimic (D:4)
  16 worms (Lair:8)
  2 white imps (D:13)
  An orc skeleton (D:8)
  An ooze (D:5)
  44 orcs
  11 giant cockroaches
  14 goblins
  11 hobgoblins
  16 jackals
  41 kobolds
  5 quokkas
  5 ball pythons
  33 bats
  11 giant geckos
  14 giant newts
  A kobold skeleton (D:4)
  An orc zombie (D:10)
  20 rats
  A spectral orc (D:5)
  A ballistomycete (D:9)
  5 fungi
  7 plants
831 creatures vanquished.

Vanquished Creatures (collateral kills)
  A ravenous item mimic (Lair:8)
  An ice statue (IceCv)
  A feature mimic (D:7)
  2 blink frogs (Lair:8)
  A giant spore (D:9)
6 creatures vanquished.

Vanquished Creatures (others)
  A wandering mushroom (Lair:7)
  4 fungi
  3 plants
8 creatures vanquished.

Grand Total: 845 creatures vanquished

Notes
Turn   | Place    | Note
--------------------------------------------------------------
     0 | D:1      | PolkaDot, the Vampire Enchanter, began the quest for the Orb.
     0 | D:1      | Reached XP level 1. HP: 13/13 MP: 3/3
   393 | D:1      | Reached XP level 2. HP: 19/19 MP: 2/4
   534 | D:1      | Learned a level 2 spell: Ensorcelled Hibernation
  1361 | D:2      | Reached XP level 3. HP: 24/24 MP: 6/6
  1370 | D:2      | Reached skill level 1 in Ice Magic
  1436 | D:2      | Learned a level 3 spell: Confuse
  2254 | D:3      | Reached skill level 5 in Hexes
  2360 | D:3      | Noticed notcluie's ghost (average TeAs)
  2398 | D:3      | Killed notcluie's ghost
  2398 | D:3      | Reached skill level 5 in Stealth
  2398 | D:3      | Reached skill level 6 in Hexes
  2398 | D:3      | Reached XP level 4. HP: 16/30 MP: 3/7
  2646 | D:3      | Noticed a big kobold
  2651 | D:3      | Killed a big kobold
  2651 | D:3      | Reached skill level 7 in Hexes
  2651 | D:3      | Reached XP level 5. HP: 35/35 MP: 9/9
  3148 | D:3      | Reached XP level 6. HP: 41/41 MP: 10/10
  3187 | D:4      | Reached skill level 8 in Hexes
  3240 | D:4      | Reached skill level 9 in Hexes
  3348 | D:4      | Found a snail-covered altar of Cheibriados.
  3562 | D:4      | Found a glowing drain.
  3606 | Sewer    | Entered a sewer
  3811 | Sewer    | Reached XP level 7. HP: 46/46 MP: 12/12
  4083 | Sewer    | Learned a level 4 spell: Enslavement
  5018 | D:4      | Found Ruruokh's Magic Scroll Boutique.
  5073 | D:4      | Ruruokh's Magic Scroll Boutique was a mimic.
  5117 | D:4      | Reached skill level 1 in Shields
  5349 | D:4      | Found a staircase to the Ecumenical Temple.
  5359 | Temple   | Entered the Ecumenical Temple
  5379 | Temple   | Became a worshipper of Ashenzari the Shackled
  5500 | D:4      | Reached skill level 10 in Hexes
  5809 | D:5      | Entered Level 5 of the Dungeon
  6014 | D:5      | Noticed Prince Ribbit
  6029 | D:5      | Killed Prince Ribbit
  6029 | D:5      | Reached XP level 8. HP: 52/52 MP: 13/13
  6079 | D:5      | Found a basalt altar of Yredelemnul.
  6148 | D:5      | Reached skill level 11 in Hexes
  6404 | D:5      | Found an iron altar of Okawaru.
  6904 | D:5      | Gained mutation: Your muscles are strong. (Str +2) [potion of mutation]
  6904 | D:5      | Gained mutation: Your body is slowly deteriorating. [potion of mutation]
  6904 | D:5      | Gained mutation: You occasionally shout uncontrollably at your foes. [potion of mutation]
  6905 | D:5      | Lost mutation: Your body is slowly deteriorating. [potion of cure mutation]
  6905 | D:5      | Lost mutation: Your muscles are strong. (Str +2) [potion of cure mutation]
  6905 | D:5      | Lost mutation: You occasionally shout uncontrollably at your foes. [potion of cure mutation]
  6998 | D:5      | Reached skill level 10 in Stealth
  7407 | D:5      | Reached skill level 12 in Hexes
  7870 | D:6      | Found Stiwny's Food Shoppe.
  7929 | D:6      | Reached XP level 9. HP: 57/57 MP: 9/14
  8711 | D:7      | Reached skill level 13 in Hexes
  8951 | D:7      | Noticed Joseph
  8971 | D:7      | Killed Joseph
  9253 | D:7      | Reached skill level 5 in Shields
  9339 | D:7      | Reached skill level 14 in Hexes
  9619 | D:7      | Killed a staircase mimic
  9619 | D:7      | Reached XP level 10. HP: 18/63 MP: 11/16
  9722 | D:7      | Learned a level 3 spell: Dazzling Spray
 10426 | D:8      | Noticed Maurice
 10429 | D:8      | Killed Maurice
 10513 | D:8      | Found a staircase to the Lair.
 10556 | D:8      | Noticed Eustachio
 10564 | D:8      | Killed Eustachio
 10564 | D:8      | Reached skill level 15 in Hexes
 10751 | D:8      | Noticed Duvessa
 10752 | D:8      | Noticed Dowan
 10753 | D:8      | Acquired Ashenzari's first power
 10756 | D:8      | Killed Duvessa
 10759 | D:8      | Killed Dowan
 11316 | Lair:1   | Entered Level 1 of the Lair of Beasts
 11380 | Lair:1   | Reached skill level 5 in Short Blades
 11865 | Lair:1   | Reached skill level 16 in Hexes
 11984 | Lair:1   | Acquired Ashenzari's second power
 12300 | Lair:2   | Noticed a black mamba
 12312 | Lair:2   | Killed a black mamba
 12425 | Lair:2   | Reached XP level 11. HP: 68/68 MP: 17/17
 13263 | Lair:3   | Reached skill level 17 in Hexes
 13440 | Lair:3   | Noticed Maud
 13510 | Lair:3   | Killed Maud
 13680 | Lair:3   | Acquired Ashenzari's third power
 13803 | Lair:3   | Reached skill level 18 in Hexes
 13852 | Lair:3   | Reached skill level 15 in Stealth
 14224 | Lair:4   | Found a staircase to the Snake Pit.
 14570 | Lair:4   | Reached XP level 12. HP: 60/74 MP: 13/18
 14654 | Lair:4   | Noticed a fire crab
 14668 | Lair:4   | Killed a fire crab
 14739 | Lair:4   | Learned a level 2 spell: Sure Blade
 15008 | Lair:5   | Found a basalt altar of Yredelemnul.
 15247 | Lair:5   | Reached skill level 19 in Hexes
 15627 | Lair:6   | Found a frozen archway.
 15701 | IceCv    | Entered an ice cave
 15781 | IceCv    | Acquired Ashenzari's fourth power
 16553 | IceCv    | Noticed an ice dragon
 16553 | IceCv    | Noticed an ice dragon
 16554 | IceCv    | Identified the cursed amulet of Shried {Clar Str-4 Int+3}
 16555 | IceCv    | Identified the amulet of Zin's Pride {rCorr Str+2 Int+1}
 16556 | IceCv    | Killed an ice dragon
 16568 | IceCv    | Killed an ice dragon
 17166 | Lair:6   | Reached skill level 20 in Hexes
 17558 | Lair:6   | Found a staircase to the Shoals.
 17628 | Lair:6   | Noticed Rupert
 17637 | Lair:6   | Killed Rupert
 17637 | Lair:6   | Reached skill level 10 in Short Blades
 17770 | Lair:7   | Reached XP level 13. HP: 79/79 MP: 19/19
 17773 | Lair:7   | Learned a level 1 spell: Apportation
 18121 | Lair:7   | Noticed a four-headed hydra
 18182 | Lair:7   | Killed a four-headed hydra
 18266 | Lair:7   | Noticed an eight-headed hydra
 18268 | Lair:7   | Killed an eight-headed hydra
 18362 | Lair:7   | Reached skill level 21 in Hexes
 18399 | Lair:7   | Found a viscous altar of Jiyva.
 18400 | Lair:7   | Found a staircase to the Slime Pits.
 18721 | Lair:8   | Entered Level 8 of the Lair of Beasts
 19726 | Lair:8   | Reached skill level 22 in Hexes
 20287 | Lair:8   | Reached XP level 14. HP: 80/85 MP: 8/20
 21190 | Lair:8   | Reached skill level 23 in Hexes
 22320 | D:10     | Entered Level 10 of the Dungeon
 22604 | D:10     | Identified 2 scrolls of acquirement
 22608 | D:10     | Identified the cursed -4 pair of gloves "Gimuhyf" {Dex+2 Int+1} (You acquired it on level 10 of the Dungeon)
 22612 | D:10     | Identified the cursed +2 pair of boots "Juigryafua" {rN+} (You acquired it on level 10 of the Dungeon)
 23368 | D:11     | Noticed Fannar
 23382 | D:11     | Killed Fannar
 23482 | D:11     | Found an iron altar of Okawaru.
 23516 | D:11     | Learned a level 3 spell: Passwall
 23642 | D:11     | Found Bealam's Jewellery Shop.
 24514 | D:12     | Found a staircase to the Orcish Mines.
 25132 | D:13     | Found a flickering gateway to a bazaar.
 25132 | D:13     | the flickering gateway to a bazaar was a mimic.
 25592 | D:13     | Noticed Nergalle
 25597 | D:13     | Killed Nergalle
 26267 | D:14     | Slain by an orc warrior

Action                   |  1- 3 |  4- 6 |  7- 9 | 10-12 | 13-15 || total
-------------------------+-------+-------+-------+-------+-------++-------
Melee: Dagger            |   129 |   181 |   705 |   833 |  1214 ||  3062
 Cast: Corona            |    11 |     1 |       |     1 |     2 ||    15
       Ensorcelled Hiber |    18 |    13 |    96 |    76 |    98 ||   301
       Confuse           |     5 |     1 |     7 |    13 |    35 ||    61
       Enslavement       |       |       |     1 |    21 |    12 ||    34
       Dazzling Spray    |       |       |       |    19 |    20 ||    39
 Abil: End Transformatio |       |       |     1 |     1 |     2 ||     4
       Bat Form          |       |       |     1 |     1 |     2 ||     4
Evoke: Wand              |       |       |     2 |    10 |     3 ||    15
  Use: Potion            |     4 |     2 |     5 |     4 |    10 ||    25
       Scroll            |       |     9 |    17 |    20 |    21 ||    67
 Stab: Sleeping          |    24 |    17 |    87 |   119 |   144 ||   391
       Confused          |     1 |       |     9 |    11 |    20 ||    41
       Distracted        |       |     1 |       |     3 |     8 ||    12
       Invisible         |       |       |       |    14 |    14 ||    28
       Betrayed ally     |       |       |       |       |     2 ||     2
       Fleeing           |       |       |       |       |     1 ||     1
